cohdb
Replays
Latest Replays
All Replays
Popular Replays
Top Player Replays
Match Explorer
How It Works
Community
CoH3 Stats
Reddit
Sign in to upload your games and track your stats! →
Sign in with Steam
Match 42359068
Unlisted
Match 42359068
Overview
Messages
Build Orders
End
Pioneer Squad
Construct Infanterie Kompanie
MG 42 Machine Gun Team
Grenadier Squad
Grenadier Squad
Medical Station
Construct Panzergrenadier Kompanie
GrW 34 Mortar Team
Panzergrenadier Squad
Selects Breakthrough Battlegroup
Selects 2.5-tonne Cargo Truck
Panzergrenadier Squad
251 Medium Carrier
Pak 40 Anti-tank Gun Team
Support Elements
Panzergrenadier Squad
StuG III G Assault Gun
Kanehdian
vsatanner
The Dude Abides
Tok3n x Operator
TechT0nic
MonoChrome
0
0
Comments
sign in to comment!
No comments posted yet!